Map: Invader LE

Players

blackxored - Winner!

  • Race: Zerg Zerg
  • League: Diamond

Rada

  • Race: Zerg Zerg
  • League: Platinum

VOD

Have the link to the VOD?

Description

Time

  • Played on: July 1, 2016, 4:47 p.m.
  • Length: 15:55
Show
View Real Time Build Order
Export as new Build Order

blackxored Zerg - Winner!

Build Orders: Pool First 

Get SALT Encoding   

  12  0:01  Drone  
  13  0:09  Drone  
  14  0:21  Extractor  
  13  0:24  Drone  
  14  0:32  Spawning Pool  
  13  0:35  Drone  
  14  0:45  Overlord  
  14  0:50  Extractor  
  14  0:51  Drone  
  15  1:10  Drone x3  
  18  1:18  Queen  
  18  1:25  Metabolic Boost  
  20  1:46  Baneling Nest  
  19  1:49  Zergling x6  
  22  1:58  Extractor  
  21  2:01  Overlord  
  21  2:11  Zergling x2  
  23  2:25  Zergling x2  
  24  2:31  Hatchery  
  24  2:35  Zergling x2  
  24  2:36  Zergling x4  
  26  2:43  Drone  
  27  2:54  Drone  
  28  3:02  Baneling x4  
  28  3:03  Baneling  
  28  3:07  Overlord  
  28  3:09  Zergling x4  
  29  3:40  Zergling x10  
  32  3:45  Zergling x4  
  32  3:47  Queen  
  33  3:54  Zergling x4  
  35  4:02  Queen  
  35  4:08  Zergling x4  
  37  4:18  Drone x5  
  41  4:34  Zergling x4  
  37  4:43  Drone x2  
  39  4:47  Roach Warren  
  39  4:48  Drone  
  39  4:51  Drone x3  
  42  4:56  Lair  
  42  4:57  Drone  
  43  5:00  Drone  
  43  5:06  Overlord  
  44  5:18  Overlord  
  44  5:23  Extractor  
  44  5:24  Drone x4  
  44  5:25  Extractor  
  44  5:27  Drone x2  
  48  5:32  Drone  
  48  5:33  Extractor  
  48  5:34  Drone  
  49  5:41  Drone x2  
  51  5:45  Drone x4  
  55  5:55  Drone  
  55  5:56  Spire  
  55  5:59  Overlord  
  55  6:07  Overlord  
  55  6:12  Overlord  
  55  6:20  Drone x5  
  55  6:24  Overlord  
  60  6:42  Overlord  
  60  6:46  Hatchery  
  59  6:50  Overlord  
  59  7:05  Overseer  
  59  7:11  Mutalisk  
  59  7:12  Mutalisk x7  
  74  7:21  Zergling x14  
  81  7:36  Mutalisk x2  
  85  7:49  Drone  
  85  7:50  Drone x2, Evolution Chamber  
  87  7:51  Drone x3, Evolution Chamber  
  87  7:52  Infestation Pit, Drone  
  89  8:02  Mutalisk  
  89  8:03  Mutalisk  
  89  8:05  Overlord  
  93  8:09  Queen  
  95  8:18  Zergling x4  
  95  8:19  Overlord  
  97  8:20  Overlord  
  97  8:23  Zerg Melee Weapons Level 1, Zerg Ground Armor Level 1  
  97  8:24  Drone x2  
  97  8:25  Drone  
  98  8:42  Drone  
  98  8:43  Drone x8  
  98  8:44  Drone  
  108  9:02  Hive  
  108  9:03  Drone x6  
  108  9:07  Extractor  
  113  9:27  Extractor  
  113  9:28  Drone x3  
  115  9:40  Hatchery  
  114  9:47  Zergling x2  
  114  9:48  Zergling x12  
  114  9:49  Overlord x4  
  114  9:51  Overseer  
  121  10:15  Ultralisk Cavern  
  121  10:16  Zergling x18  
  121  10:17  Zergling x4  
  127  10:27  Zergling x2  
  127  10:28  Zergling x6  
  129  10:30  Baneling x15  
  129  10:31  Baneling x17  
  124  10:45  Zergling x12  
  124  11:06  Chitinous Plating  
  124  11:08  Overlord x3  
  88  11:27  Mutalisk x11  
  88  11:31  Zergling x8  
  88  11:32  Zergling x8  
  113  11:38  Drone x2  
  109  11:42  Zergling x2  
  109  11:44  Drone  
  100  11:54  Zerg Ground Armor Level 2, Zerg Melee Weapons Level 2  
  98  12:02  Drone x7  
  105  12:11  Ultralisk  
  111  12:25  Ultralisk  
  111  12:29  Drone x6  
  123  12:30  Extractor  
  123  12:31  Extractor  
  123  12:33  Drone x4  
  125  12:40  Ultralisk  
  125  12:42  Queen  
  125  12:43  Drone x4  
  137  12:46  Queen  
  139  12:56  Ultralisk x2  
  150  13:15  Hatchery  
  149  13:27  Overlord x2  
  149  13:28  Overlord x2  
  149  13:29  Overseer  
  132  14:28  Ultralisk  
  132  14:29  Ultralisk x7  
  132  14:30  Ultralisk  
  185  14:36  Overlord x3  
  185  14:37  Overlord  
  185  14:49  Overlord  
  185  14:50  Overlord x2  
  183  15:00  Extractor  
  183  15:01  Extractor  
  183  15:05  Zergling x18  
  183  15:06  Zergling x10  
Show
View Real Time Build Order
Export as new Build Order

Rada Zerg 

Build Orders: Pool First 

Get SALT Encoding   

  12  0:01  Drone  
  13  0:07  Drone  
  14  0:17  Overlord  
  14  0:35  Drone x3  
  17  0:49  Spawning Pool  
  16  0:50  Drone  
  17  0:58  Extractor, Drone  
  17  1:13  Drone  
  18  1:23  Hatchery  
  17  1:27  Drone  
  17  1:31  Drone  
  19  1:42  Queen  
  21  1:51  Overlord  
  21  1:58  Metabolic Boost  
  21  2:08  Zergling x2  
  22  2:10  Drone  
  23  2:21  Overlord  
  22  2:26  Zergling x2  
  23  2:31  Roach Warren  
  23  2:35  Drone  
  23  2:44  Zergling x2  
  24  2:52  Queen  
  26  2:59  Zergling x2  
  27  3:12  Roach x4  
  34  3:40  Roach x3  
  33  3:45  Roach x2  
  33  3:54  Roach x3  
  37  4:04  Roach  
  35  4:18  Roach x2, Drone  
  35  4:19  Drone x3  
  43  4:24  Spine Crawler  
  42  4:37  Spine Crawler  
  41  4:47  Drone  
  41  4:48  Drone x2  
  41  4:52  Overlord  
  45  5:04  Overlord  
  45  5:12  Ravager  
  45  5:13  Drone x5  
  51  5:20  Ravager  
  52  5:22  Queen  
  52  5:28  Overlord  
  54  5:29  Drone x4  
  54  5:33  Extractor  
  57  5:45  Drone x2  
  57  5:46  Extractor, Drone  
  57  5:48  Drone  
  57  5:49  Drone x2  
  62  6:05  Overlord  
  62  6:11  Extractor, Lair  
  61  6:20  Drone x2  
  61  6:23  Drone x3  
  61  6:24  Drone x2  
  68  6:26  Queen  
  68  6:27  Overlord  
  70  6:40  Evolution Chamber x2  
  68  6:52  Overlord x3  
  68  6:58  Overlord x2  
  68  6:59  Overlord  
  68  7:00  Hatchery  
  67  7:13  Overseer  
  67  7:15  Zerg Missile Weapons Level 1, Zerg Ground Armor Level 1  
  67  7:34  Roach  
  67  7:35  Roach x8  
  85  7:45  Spore Crawler  
  85  7:47  Spore Crawler  
  85  7:49  Spore Crawler  
  85  7:50  Spore Crawler x2  
  80  7:56  Spore Crawler  
  79  7:59  Queen  
  79  8:03  Ravager x3  
  81  8:44  Hydralisk Den  
  81  8:45  Spore Crawler  
  79  8:58  Glial Reconstitution  
  77  9:22  Hydralisk x5  
  77  9:23  Hydralisk x9  
  103  9:28  Muscular Augments  
  103  9:52  Hydralisk  
  103  9:53  Hydralisk x4  
  111  10:33  Roach x3  
  111  10:34  Roach  
  112  10:36  Drone x2  
  112  10:37  Drone x7  
  121  11:03  Hydralisk x3  
  121  11:04  Hydralisk  
  129  11:25  Hydralisk  
  81  11:26  Hydralisk x4  
  86  11:38  Hydralisk  
  86  11:39  Hydralisk x2  
  73  12:05  Hatchery  
  73  12:30  Drone x7  
  79  13:11  Hydralisk x7  
  79  13:12  Hydralisk x4  
  101  13:17  Queen  
  103  13:23  Queen  
  105  13:27  Spore Crawler  
  105  13:30  Spore Crawler  
  98  14:14  Drone x4  
  85  14:34  Zergling x30  
  85  14:35  Zergling x16  
  110  14:45  Roach  
  110  14:46  Roach  
  112  15:02  Queen  
  112  15:05  Spore Crawler  
Tags
 
Add a new tag
Caveats
  • Supply blocks, unpowered buildings, or Contaminate may cause inaccurate times.
  • Supply counts are checked every 10 seconds.